Map: Disco Bloodbath LE

Players

Parre

  • Race: Terran Terran
  • League: Platinum
  • Spawn Location: 9:00

pHARM - Winner!

  • Race: Zerg Zerg
  • League: Platinum
  • Spawn Location: 3:00

VOD

Have the link to the VOD?

Description

Time

  • Played on: Sept. 1, 2019, 3:20 p.m.
  • Length: 20:58
Show
View Real Time Build Order
Export as new Build Order

Parre Terran 

Build Orders: Liberator Opening 

Get SALT Encoding   

  12  0:00  SCV  
  13  0:13  SCV  
  14  0:17  Supply Depot  
  14  0:25  SCV  
  15  0:39  SCV  
  15  0:41  Barracks  
  16  0:48  Refinery  
  16  0:51  SCV  
  17  0:58  Refinery  
  17  1:03  SCV  
  18  1:15  SCV  
  19  1:28  Reaper  
  19  1:29  Supply Depot, Orbital Command  
  20  1:52  Factory  
  20  1:54  SCV  
  21  2:06  SCV  
  21  2:07  Barracks Reactor  
  22  2:18  SCV  
  23  2:23  Command Center  
  23  2:35  SCV  
  23  2:48  SCV  
  24  2:56  Barracks Reactor  
  24  3:00  SCV, Hellion x2  
  24  3:03  Supply Depot  
  29  3:10  Starport  
  29  3:12  SCV  
  30  3:24  SCV  
  30  3:25  Hellion x2  
  30  3:26  Bunker  
  35  3:36  SCV, Orbital Command  
  35  3:40  Liberator  
  36  3:44  Marine x2  
  36  3:48  SCV  
  41  4:02  Marine x2  
  44  4:06  SCV x2  
  46  4:18  SCV x2  
  46  4:20  Marine x2  
  48  4:32  SCV x2  
  48  4:34  Hellion x2  
  54  4:39  Barracks  
  54  4:41  Starport Reactor  
  54  4:42  Factory  
  54  4:59  Supply Depot  
  54  5:02  Supply Depot  
  54  5:03  Liberator  
  54  5:19  Refinery  
  54  5:20  Medivac  
  54  5:21  SCV, Hellion  
  62  5:22  Supply Depot  
  62  5:24  SCV, Hellion  
  62  5:28  Barracks  
  65  5:29  Factory Tech Lab  
  65  5:33  SCV  
  66  5:36  SCV  
  66  5:38  Barracks, Barracks Tech Lab  
  66  5:41  Refinery  
  67  5:45  SCV  
  67  5:48  SCV  
  69  5:50  Medivac  
  69  6:03  Liberator, Medivac  
  69  6:08  Hellion x2  
  69  6:09  Siege Tank  
  74  6:20  SCV  
  78  6:26  Command Center  
  78  6:30  Supply Depot  
  78  6:31  SCV, Supply Depot  
  77  6:32  SCV  
  77  6:34  Supply Depot  
  77  6:35  Liberator  
  77  6:38  Barracks Tech Lab  
  77  6:39  Barracks Reactor  
  77  6:52  Siege Tank, Hellion  
  77  6:53  Hellion  
  87  7:04  SCV x2  
  89  7:12  Supply Depot  
  89  7:14  Hellion  
  89  7:15  Marine x4, Marauder  
  97  7:16  SCV, Marauder  
  97  7:17  Stimpack  
  97  7:18  Combat Shield  
  100  7:25  SCV  
  100  7:28  SCV  
  102  7:31  Liberator  
  102  7:33  Marine x2, Cyclone  
  102  7:34  Armory  
  102  7:35  Supply Depot  
  109  7:37  SCV, Marauder  
  109  7:38  Marauder  
  109  7:43  SCV  
  113  7:48  Viking  
  113  7:49  SCV  
  119  8:08  Infernal Pre-Igniter  
  119  8:10  Orbital Command  
  119  8:11  SCV x2  
  121  8:14  Refinery  
  121  8:15  Refinery  
  121  8:19  Marine  
  121  8:20  Marine x3, Marauder x2  
  121  8:23  SCV x2  
  131  8:40  SCV x2  
  133  8:59  Supply Depot  
  133  9:20  Marine x2  
  133  9:21  Marauder, Hellbat x2  
  141  9:30  SCV x2  
  141  9:31  Marine x2, SCV  
  141  10:05  Command Center  
  141  10:07  Terran Vehicle Weapons Level 1  
  141  10:11  SCV, Engineering Bay  
  141  10:15  Medivac  
  141  10:32  Hellbat  
  141  10:33  Hellbat  
  141  10:34  Medivac, Marauder  
  141  10:35  Marauder  
  140  10:36  Marine  
  141  10:56  Terran Infantry Weapons Level 1  
  141  11:01  Engineering Bay  
  141  11:02  Command Center, Armory  
  141  11:20  Marine x2, Medivac x2, Marauder  
  141  11:21  Marauder  
  141  11:22  Hellbat  
  141  11:23  Marine, Hellbat  
  141  11:24  Thor  
  137  11:29  Marine  
  124  11:37  Marine  
  124  11:38  Marine  
  120  11:41  Marine  
  120  11:42  Marauder  
  120  11:43  Marauder, Hellbat  
  120  11:44  Hellbat  
  113  11:55  Marine x2  
  113  11:56  Marine  
  91  12:03  Marauder  
  91  12:04  Marine, Marauder, Orbital Command  
  91  12:07  Thor  
  99  12:13  Marine x2  
  100  12:21  SCV x2  
  102  12:24  Terran Vehicle Weapons Level 2, Marauder  
  102  12:25  Marauder  
  102  12:26  Terran Vehicle And Ship Armor Level 1  
  106  12:33  SCV x2  
  108  12:45  SCV x3  
  108  12:46  Marauder  
  108  12:47  Marauder, Hellbat  
  108  12:48  Hellbat  
  108  12:50  Thor  
  125  12:57  SCV x2, Factory x2  
  127  13:06  SCV  
  127  13:07  Marauder  
  127  13:08  Marauder  
  127  13:09  SCV, Hellbat  
  127  13:12  Command Center, Terran Infantry Weapons Level 2  
  135  13:14  Terran Infantry Armor Level 1  
  123  13:30  Medivac x2  
  123  13:33  Thor  
  126  13:42  Factory Tech Lab  
  126  13:49  Hellbat x2  
  126  13:51  SCV x3  
  126  13:53  Sensor Tower  
  133  13:57  Supply Depot  
  133  13:59  Supply Depot  
  133  14:00  Medivac x2  
  137  14:03  SCV x2  
  139  14:10  Refinery, Hellbat  
  139  14:11  Refinery  
  141  14:18  Thor  
  141  14:19  Sensor Tower  
  141  14:22  Supply Depot  
  147  14:26  Marine x3  
  147  14:27  Marauder x2  
  147  14:30  Medivac x2  
  158  14:38  Refinery  
  158  14:39  SCV x3, Refinery  
  161  14:45  Thor  
  161  14:46  Hellbat  
  161  14:47  Marine x2, Hellbat  
  161  14:48  Marauder  
  161  14:51  SCV x3  
  178  15:03  SCV  
  179  15:07  Terran Vehicle And Ship Armor Level 2, Terran Vehicle Weapons Level 3  
  179  15:14  Orbital Command  
  177  15:37  Thor  
  160  15:49  Thor, Hellbat  
  147  15:50  Marine x4, Marauder, Hellbat  
  147  15:51  Marauder  
  132  16:11  Hellbat  
  126  16:12  Marauder  
  118  16:19  Thor  
  123  16:30  Medivac x2  
  115  16:33  Siege Tank  
  94  16:50  Marine  
  94  16:51  Marine x2, Marauder x2  
  95  17:00  Medivac  
  93  17:02  Siege Tank  
  93  17:05  Siege Tank  
  97  17:43  Orbital Command  
  97  18:09  Command Center  
  97  18:16  Orbital Command  
  97  18:29  Siege Tank  
  100  18:58  Siege Tank  
  77  19:37  Marine x3, Marauder  
  82  19:44  SCV  
  83  19:51  SCV  
  84  20:14  Siege Tank x2  
Show
View Real Time Build Order
Export as new Build Order

pHARM Zerg - Winner!

Build Orders: Hatch First, Roach Hydra 

Get SALT Encoding   

  12  0:01  Drone  
  13  0:14  Overlord  
  13  0:24  Drone  
  14  0:33  Drone x2  
  16  0:54  Hatchery  
  15  0:59  Drone x2  
  15  1:00  Drone  
  18  1:20  Spawning Pool, Drone  
  18  1:25  Drone  
  19  1:36  Drone  
  20  1:43  Extractor  
  19  1:47  Drone  
  20  1:56  Overlord  
  20  2:06  Queen  
  20  2:07  Queen  
  24  2:08  Zergling x4  
  26  2:16  Drone  
  27  2:29  Drone x3  
  30  2:42  Drone  
  30  2:43  Drone  
  31  2:55  Drone x2  
  33  3:05  Metabolic Boost  
  33  3:07  Drone x2  
  35  3:13  Drone  
  36  3:24  Overlord x2  
  36  3:34  Evolution Chamber  
  35  3:38  Roach Warren, Queen  
  36  3:56  Drone  
  36  3:57  Drone x8  
  45  4:15  Evolution Chamber  
  44  4:19  Lair  
  44  4:21  Drone x4  
  46  4:41  Extractor  
  46  4:42  Extractor  
  44  4:47  Drone x5  
  44  4:51  Zerg Missile Weapons Level 1  
  49  4:59  Spore Crawler  
  48  5:00  Drone  
  49  5:09  Spore Crawler  
  48  5:32  Hatchery  
  48  5:34  Glial Reconstitution  
  47  5:37  Overlord x3  
  47  6:02  Roach x9  
  65  6:10  Roach  
  65  6:11  Roach  
  67  6:12  Overlord  
  67  6:19  Queen  
  67  6:23  Queen  
  65  6:41  Drone x6  
  71  6:55  Queen  
  71  6:56  Drone x6  
  79  7:22  Extractor  
  78  7:24  Hydralisk Den  
  78  7:25  Pneumatized Carapace  
  77  7:35  Overlord  
  77  7:36  Overlord x4  
  77  7:38  Roach  
  77  7:39  Roach  
  81  7:47  Nydus Network  
  80  8:00  Roach x12  
  104  8:16  Hydralisk x6  
  116  8:25  Nydus Canal  
  116  8:37  Grooved Spines  
  102  9:07  Zerg Missile Weapons Level 2  
  102  9:08  Zerg Ground Armor Level 1  
  102  9:13  Hydralisk x6  
  105  9:45  Drone  
  106  9:46  Overlord x3  
  106  9:47  Overlord x5  
  106  9:48  Muscular Augments  
  106  9:54  Overlord x7  
  106  10:27  Overseer x3  
  100  10:39  Roach x12  
  116  10:48  Queen x3  
  122  11:09  Drone x8  
  120  11:35  Drone x9  
  125  11:55  Hatchery  
  114  12:22  Extractor  
  113  12:24  Extractor  
  112  12:34  Spire  
  112  12:37  Infestation Pit, Drone x4  
  111  12:39  Hatchery  
  113  12:47  Drone x2  
  115  12:52  Zerg Ground Armor Level 2  
  115  12:53  Zerg Melee Weapons Level 1  
  115  13:09  Drone x13  
  115  13:10  Drone x3, Extractor  
  130  13:13  Extractor  
  123  13:33  Drone x3  
  123  13:35  Queen x2  
  127  13:53  Drone  
  128  14:01  Drone x4  
  132  14:17  Hive  
  132  14:18  Zerg Flyer Armor Level 1  
  132  14:22  Roach x16  
  164  14:46  Hydralisk x15  
  164  14:47  Hydralisk x2  
  198  15:04  Spore Crawler  
  197  15:07  Spine Crawler  
  197  15:10  Drone  
  197  15:11  Drone  
  198  15:42  Roach x7  
  184  15:43  Roach x12  
  182  15:58  Roach x7  
  182  15:59  Roach x2  
  148  16:51  Hydralisk x20  
  148  16:52  Hydralisk x6  
  198  17:49  Greater Spire  
  198  17:50  Extractor  
  197  17:54  Extractor  
  196  18:23  Neural Parasite  
  196  18:24  Hatchery  
  196  18:25  Zerg Melee Weapons Level 2  
  159  19:17  Corruptor x2  
  159  19:18  Corruptor x9  
  133  19:29  Roach x15  
  133  19:30  Roach x27  
  133  19:31  Roach x2  
  193  20:05  Brood Lord x3  
Tags
 
Add a new tag
Caveats
  • Supply blocks, unpowered buildings, or Contaminate may cause inaccurate times.
  • Supply counts are checked every 10 seconds.